AoeStats
← Orange Jiangzc

Arabian Desert

514571445Analyzed
1v1 RM · 1d ago on Oct 18, 2026· 46m 58s· 2 players
Game mode
Random Map
Map size
Tiny (2 player)
Population
200
Speed
Normal
Resources
Standard
Victory
Conquest
Starting age
Dark Age
Ending age
Imperial Age
RankedLock teamsTeams togetherTeam positionsShared explorationLock speedFull tech treeHidden civsTurbo modeCheats
Victory
Defeat
🇨🇳 Danes · China
1034
+16
vs
🇺🇸 Tatars · United States
1030
-16
Spar27
6:51 Loom
9:03 Feudal Age
10:57 Double-Bit Axe
17:56 Horse Collar
20:37 Castle Age
18:32 Fletching
19:12 Padded Archer Armor
20:56 Crossbowman
23:25 Bodkin Arrow
27:54 Leather Archer Armor
28:30 Gold Mining
36:41 Scale Barding Armor
36:47 Forging
40:36 Imperial Age
44:04 Conscription
44:39 Block Printing
Orange Jiangzc
6:48 Loom
10:22 Feudal Age
10:53 Double-Bit Axe
10:36 Man-at-Arms
15:09 Horse Collar
17:14 Wheelbarrow
21:10 Castle Age
19:31 Gold Mining
19:31 Stone Mining
22:23 Hand Cart
28:16 Heavy Plow
28:53 Gold Shaft Mining
28:53 Stone Shaft Mining
35:22 Imperial Age
34:01 Scale Barding Armor
34:07 Forging
34:44 Bloodlines
34:33 Light Cavalry
35:14 Husbandry
35:46 Chain Barding Armor
36:35 Iron Casting
37:10 Plate Barding Armor
37:53 Conscription
40:48 Gambesons
41:04 Squires
40:49 Arson
41:08 Scale Mail Armor
42:09 Blast Furnace
41:12 Scale Mail Armor
43:55 Chain Mail Armor
44:30 Elite Jomsviking
47:06 Plate Mail Armor
46:54 Hamask
Connection lost

Rejoining the realm…

Still unreachable

The connection could not be restored.

Session expired

The server has moved on; the page needs a fresh start.